 Dungeon Crawl Stone Soup version 0.28-a0-769-g550dbda0cd (webtiles) character file.

Game seed: 6178575797361292930

38 rogsnak the Digger (level 3, -7/19 HPs)
             Began as a Gargoyle Earth Elementalist on Nov 1, 2021.
             Killed by divine providence
             ... invoked by an orc priest
              (10 damage)
             ... on level 2 of the Dungeon.
             The game lasted 00:03:30 (2011 turns).

rogsnak the Digger (Gargoyle Earth Elementalist)    Turns: 2011, Time: 00:03:30

Health: -7/19      AC:  6    Str: 11    XL:     3   Next: 43%
Magic:  0/7        EV: 12    Int: 16    God:
Gold:   58         SH:  0    Dex: 10    Spells: 3/7 levels left

rFire   . . .      SeeInvis .   a - +0 rapier
rCold   . . .      Faith    .   (no shield)
rNeg    + . .      Spirit   .   b - +0 robe
rPois   ∞          Reflect  .   d - +1 hat
rElec   +          Harm     .   (no cloak)
rCorr   .          Rampage  .   (no gloves)
Will    .....                   (no boots)
Stlth   ++........              (no amulet)
HPRegen 0.06/turn               (no ring)
MPRegen 0.10/turn               (no ring)

@: very slightly contaminated
A: sickness immunity, AC +3, negative energy resistance 1, electricity
resistance, torment resistance 1, petrification resistance
a: no special abilities


You were on level 2 of the Dungeon.
You visited 1 branch of the dungeon, and saw 3 of its levels.

You collected 58 gold pieces.

Inventory:

Hand Weapons
 a - a +0 rapier (weapon)
Missiles
 c - 55 stones
 k - 22 arrows
Armour
 b - a +0 robe (worn)
 d - a +1 hat (worn)
 e - a +0 buckler
Jewellery
 j - a ring of ice
Scrolls
 f - a scroll of identify {unknown}
 h - a scroll of silence {unknown}
Potions
 g - a potion of degeneration {unknown}
 i - a potion of might {unknown}


   Skills:
 + Level 0.1 Fighting
 + Level 2.0 Dodging
 - Level 2.2 Stealth
 + Level 2.6 Spellcasting
 * Level 0.5 Conjurations
 - Level 0.7 Transmutations
 + Level 4.1 Earth Magic


You had 3 spell levels left.
You knew the following spells:

 Your Spells              Type           Power      Damage    Failure   Level
a - Sandblast             Erth           30%        2d9       3%          1
b - Stone Arrow           Conj/Erth      18%        3d8       22%         3

Your spell library contained the following spells:

 Spells                   Type           Power      Damage    Failure   Level
 Passwall                 Tmut/Erth      7%         N/A       11%         2
 Petrify                  Tmut/Erth      9%         N/A       56%         4


Dungeon Overview and Level Annotations

Branches:
Dungeon (3/15)

Altars:

Annotations:
D:2 Sigmund


Innate Abilities, Weirdness & Mutations

You are immune to sickness and miasma.
Your stone body is resilient. (AC +3)
You are immune to poison.
You resist negative energy. (rN+)
You are resistant to electric shocks. (rElec)
You are resistant to unholy torment.
You are immune to petrification.


Message History

Press: ? - help, Shift-Dir - straight line, f/p - orc priest
Aim: an orc priest, wielding a +0 club and wearing a +0 leather armour (lightly wounded, 64% to hit)
You miscast Stone Arrow.
You are very lightly contaminated with residual magic.
You are caught in an explosion of flying shrapnel.
The orc priest barely misses you.
Unknown command.
Casting: Stone Arrow (potentially lethal; 22% risk of failure)
Confirm with . or Enter, or press ? or * to list all spells.
Aiming: Sandblast (safe; 3% risk of failure)
Press: ? - help, Shift-Dir - straight line, f/p - orc priest
Aim: an orc priest, wielding a +0 club and wearing a +0 leather armour (lightly wounded, 79% to hit)
You miscast Sandblast.
Nothing appears to happen.
The orc priest misses you.
Unknown command.
Unknown command.
You hit the orc priest.
The orc priest is moderately wounded.
The orc priest hits you but does no damage.
Unknown command.
Okay, then.
You closely miss the orc priest.
The orc priest is moderately wounded.
The orc priest looks braver for a moment.
You closely miss the orc priest.
The orc priest is moderately wounded.
The orc priest hits you but does no damage.
The orc priest casts a cantrip, but nothing happens.
You hit the orc priest.
The orc priest is severely wounded.
The orc priest closely misses you.
Casting: Sandblast (safe; 3% risk of failure)
Confirm with . or Enter, or press ? or * to list all spells.
Aiming: Sandblast (safe; 3% risk of failure)
Press: ? - help, Shift-Dir - straight line, f/p - orc priest
Aim: an orc priest, wielding a +0 club and wearing a +0 leather armour (severely wounded, 79% to hit)
The blast of sand misses the orc priest.
The orc priest calls down the wrath of Beogh upon you.
Beogh smites you!
Ouch! That really hurt!
You die...

#.######.#.##.#.# #.# #####..
##........#.##...# #.# #.#
..........#.###..# #.# #.#
#########.#.# #..# #.########.#
#.#.# #..# #.......<#.# #.@..#
#.#.# #..# ##########.# #....#
#.#.# #..# #........# #....#
#.#.####.# #.######## #....#
#.#....o@# ###.# #....#
#.######## ##...######## #....#
#.# #...........# #....# #.#
########...........# #...!# #.#
#......#...........# #....#
#)####......#...........#
#....####...........#...........#
................................#
................_..##...........#


You could see an orc priest.

Vanquished Creatures
  2 dart slugs (D:1)
  2 ball pythons
  An endoplasm (D:1)
  A giant cockroach (D:1)
  4 goblins
  4 hobgoblins
  6 jackals
  2 bats (D:2)
  4 frilled lizards (D:1)
  2 kobolds
  2 rats (D:1)
30 creatures vanquished.

Notes
Turn   | Place    | Note
-------+----------+-------------------------------------------
     0 | D:1      | rogsnak the Gargoyle Earth Elementalist began the quest for
                  | the Orb.
     0 | D:1      | Reached XP level 1. HP: 10/10 MP: 3/3
   465 | D:1      | Reached XP level 2. HP: 8/15 MP: 5/5
   913 | D:1      | Reached skill level 4 in Earth Magic
  1245 | D:1      | Reached XP level 3. HP: 19/19 MP: 6/6
  1249 | D:1      | Learned a level 3 spell: Stone Arrow
  1669 | D:2      | Found a faded altar of an unknown god.
  1865 | D:2      | Noticed Sigmund
  2011 | D:2      | Killed from afar by an orc priest

Illustrated notes

Levels and vault maps discovered:
D:1:      heliophobic_arrival_battle_scene, layout_loops_ring,
          nrook_loot_triangle, minmay_hedge_maze
D:2:      layout_basic, dreamdust_ecumenical_altar_statues,
          hangedman_abyss_or_decor_stabs, uniq_sigmund
D:3:      layout_basic, old_standard_altar, amcnicky_altar_gilded, uniq_jessica

Skill      XL: |  1  2  3 |
---------------+----------+-----
Earth Magic    | 4 |  4.1
Dodging        | 2 |  2.0
Fighting       | |  0.1
Stealth        | |  2.2
Spellcasting   | |  2.6
Conjurations   | |  0.5
Transmutations | |  0.7

Action                   || total
-------------------------++-------
Melee: Unarmed           ||    18
       Rapier            ||    87
 Cast: Sandblast         ||     7
 Stab: Sleeping          ||     3
Armor: Robe              ||    35
Dodge: Dodged            ||    65

Table legend: (Time is in decaauts)
 A = Elapsed time spent in this place.
 B = Non-inter-level travel time spent in this place.
 C = Inter-level travel time spent in this place.
 D = Time resting spent in this place.
 E = Time spent auto-exploring this place.
 F = Levels seen in this place.
 G = Mean time per level.
                   A        B        C        D        E       F      G
               +--------+--------+--------+--------+--------+-----+--------+
         Total |   2027 |   1988 |     39 |    415 |   1094 |   3 |  675.7 |
       Dungeon |   2027 |   1988 |     39 |    415 |   1094 |   3 |  675.7 |
               +--------+--------+--------+--------+--------+-----+--------+

Top non-repeatable levels by time:
     D:1: 1478 daAuts
     D:2: 547 daAuts
     D:3: 2 daAuts
